AoeStats
← [ Wildpigs ] Mighty MOSE

Arabia

510363065Analyzed
4v4 RM · 2d ago on Sep 30, 2026· 40m 2s· 8 players
Game mode
Random Map
Map size
Large (8 player)
Population
200
Speed
Normal
Resources
Standard
Victory
Conquest
Starting age
Dark Age
Ending age
Imperial Age
RankedLock teamsTeams togetherTeam positionsShared explorationLock speedFull tech treeHidden civsTurbo modeCheats
Victory
Defeat
🇲🇽 Varangians · Mexico
1263
+13
1199
+16
🇨🇳 Huns · China
1193
+16
🇲🇽 Britons · Mexico
1117
+19
🇳🇱 Varangians · Netherlands
1260
-19
🇦🇷 Berbers · Argentina
1191
-16
🇧🇷 Romans · Brazil
1160
-15
🇩🇪 Portuguese · Germany
1142
-14
[ Wildpigs ] RonRon
7:31 Loom
9:43 Feudal Age
14:34 Fletching
17:58 Padded Archer Armor
22:27 Castle Age
23:42 Wheelbarrow
22:52 Town Watch
22:39 Elite Skirmisher
22:39 Crossbowman
26:06 Bodkin Arrow
26:27 Leather Archer Armor
38:44 Imperial Age
[ Wildpigs ] Er
7:28 Loom
9:43 Feudal Age
14:16 Fletching
14:22 Double-Bit Axe
24:39 Castle Age
23:40 Horse Collar
24:45 Crossbowman
25:22 Bodkin Arrow
31:02 Bloodlines
30:53 Husbandry
35:30 Ballistics
40:08 Imperial Age
[ Wildpigs ] Mighty MOSE
6:50 Loom
9:29 Feudal Age
12:05 Double-Bit Axe
12:39 Horse Collar
21:28 Scale Barding Armor
25:06 Castle Age
23:57 Bloodlines
25:35 Gold Mining
26:53 Chain Barding Armor
27:02 Husbandry
35:53 Wheelbarrow
35:35 Heavy Plow
37:13 Bow Saw
37:24 Hand Cart
43:06 Imperial Age
一二一二一二一二
9:46 Feudal Age
13:41 Loom
20:12 Double-Bit Axe
22:53 Castle Age
23:01 Wheelbarrow
22:09 Horse Collar
23:32 Scale Barding Armor
23:38 Forging
23:40 Bloodlines
23:35 Heavy Plow
27:06 Chain Barding Armor
28:16 Iron Casting
27:50 Husbandry
28:39 Gold Mining
35:10 Hand Cart
40:37 Bow Saw
CapitaoPlaneta
1:07 Loom
11:03 Feudal Age
13:08 Town Watch
20:11 Castle Age
20:10 Double-Bit Axe
22:56 Scale Mail Armor
35:33 Fletching
Cabeza
6:59 Loom
9:28 Feudal Age
10:04 Double-Bit Axe
18:42 Bloodlines
18:40 Scale Barding Armor
21:29 Forging
24:20 Castle Age
23:36 Gold Mining
23:29 Horse Collar
36:23 Husbandry
Piet Hoane
7:44 Loom
9:59 Feudal Age
11:20 Double-Bit Axe
13:14 Bloodlines
17:32 Scale Barding Armor
18:28 Forging
26:53 Castle Age
24:57 Gold Mining
30:25 Wheelbarrow
30:43 Chain Barding Armor
33:15 Iron Casting
33:17 Hand Cart
34:08 Stone Mining
[DSbZ]Querkraft
6:28 Loom
9:30 Feudal Age
13:14 Stone Mining
13:16 Gold Mining
13:41 Double-Bit Axe
15:01 Horse Collar
17:17 Fletching
20:04 Padded Archer Armor
26:33 Castle Age
24:41 Stone Mining
26:38 Crossbowman
27:14 Bodkin Arrow
32:25 Imperial Age
34:36 Bracer
Connection lost

Rejoining the realm…

Still unreachable

The connection could not be restored.

Session expired

The server has moved on; the page needs a fresh start.